AoeStats
← INOX

Black Forest

510647536Analyzed
4v4 RM · 13h ago on Oct 2, 2026· 98m 23s· 8 players
Game mode
Random Map
Map size
Large (8 player)
Population
200
Speed
Normal
Resources
Standard
Victory
Conquest
Starting age
Dark Age
Ending age
Imperial Age
RankedLock teamsTeams togetherTeam positionsShared explorationLock speedFull tech treeHidden civsTurbo modeCheats
Victory
Defeat
🇨🇴 Slavs · Colombia
765
+15
🇲🇽 Tatars · Mexico
569
+22
🇲🇽 Romans · Mexico
507
+24
🇺🇸 Khmer · United States
493
+25
🇫🇷 Lithuanians · France
799
-37
🇺🇸 Spanish · United States
733
-22
🇺🇸 Persians · United States
696
-21
🇺🇸 Hindustanis · United States
639
-19
MoldyShelf59466
0:30 Loom
13:26 Feudal Age
14:32 Double-Bit Axe
18:09 Wheelbarrow
22:53 Town Watch
23:34 Horse Collar
24:42 Stone Mining
24:43 Gold Mining
28:26 Castle Age
28:02 Forging
28:03 Scale Barding Armor
29:35 Hand Cart
29:51 Caravan
30:37 Bow Saw
37:22 Town Patrol
39:22 Fortified Wall
39:35 Tusk Swords
42:31 Gold Shaft Mining
42:32 Stone Shaft Mining
43:16 Chain Barding Armor
43:33 Iron Casting
46:07 Imperial Age
47:03 Elite Battle Elephant
48:48 Fervor
49:49 Hoardings
50:03 Fletching
50:18 Heavy Plow
54:08 Onager
56:14 Masonry
57:06 Chemistry
56:05 Bodkin Arrow
57:59 Siege Engineers
60:24 Double Crossbow
62:35 Elite Ballista Elephant
67:45 Bracer
✪KillerMx✪
12:58 Feudal Age
13:29 Double-Bit Axe
15:03 Wheelbarrow
14:56 Gold Mining
20:31 Castle Age
21:48 Bow Saw
25:29 Horse Collar
27:01 Heavy Plow
35:28 Hand Cart
39:19 Imperial Age
37:52 Forging
37:40 Stone Mining
38:02 Arson
38:18 Squires
41:36 Crop Rotation
41:58 Pikeman
42:53 Bloodlines
42:44 Husbandry
43:48 Elite Steppe Lancer
45:17 Scale Barding Armor
45:48 Iron Casting
46:25 Chain Barding Armor
48:18 Plate Barding Armor
48:47 Blast Furnace
47:47 Scale Mail Armor
47:12 Halberdier
58:37 Light Cavalry
61:18 Hussar
63:43 Heavy Camel Rider
74:29 Elite Keshik
75:12 Silk Armor
75:22 Timurid Siegecraft
Lord_Daml
2:15 Loom
13:27 Feudal Age
17:27 Double-Bit Axe
17:26 Horse Collar
17:39 Stone Mining
20:31 Castle Age
27:58 Gold Mining
29:07 Bow Saw
30:10 Caravan
30:28 Pikeman
31:09 Squires
35:12 Imperial Age
33:20 Wheelbarrow
32:43 Fletching
33:04 Forging
32:53 Murder Holes
33:10 Fortified Wall
33:07 Heavy Plow
33:34 Bodkin Arrow
34:54 Ballistics
34:46 Masonry
35:20 Hand Cart
35:43 Scale Mail Armor
36:19 Iron Casting
36:09 Onager
38:18 Two-Man Saw
37:02 Halberdier
39:55 Blast Furnace
38:51 Elite Skirmisher
39:37 Padded Archer Armor
39:53 Chain Mail Armor
40:19 Hoardings
40:06 Conscription
40:51 Gold Shaft Mining
40:39 Capped Ram
41:31 Siege Ram
42:48 Plate Mail Armor
42:25 Scale Barding Armor
42:38 Leather Archer Armor
42:32 Detinets
42:33 Druzhina
44:10 Siege Onager
50:37 Chemistry
53:58 Siege Engineers
59:58 Chain Barding Armor
60:08 Ring Archer Armor
60:18 Heavy Scorpion
61:50 Crop Rotation
63:37 Elite Boyar
97:45 Plate Barding Armor
97:05 Spies/Treason
luisxd665
0:41 Loom
18:09 Feudal Age
19:09 Double-Bit Axe
19:27 Gold Mining
19:18 Horse Collar
25:09 Castle Age
29:25 Wheelbarrow
29:57 Bow Saw
30:31 Hand Cart
31:51 Gold Shaft Mining
31:08 Stone Mining
34:55 Imperial Age
34:52 Coinage
34:23 Caravan
38:55 Chemistry
38:06 Masonry
38:08 Fortified Wall
38:05 Ballistas
38:21 Conscription
37:28 Man-at-Arms
37:28 Pikeman
38:09 Squires
38:21 Town Watch
38:10 Elite Centurion
39:33 Forging
39:24 Scale Mail Armor
39:29 Scale Barding Armor
39:25 Padded Archer Armor
39:17 Fletching
38:52 Long Swordsman
38:53 Halberdier
40:00 Heavy Scorpion
42:37 Legionary
43:52 Banking
43:34 Guilds
59:04 Capped Ram
61:58 Siege Ram
82:41 Onager
87:37 Cavalier
88:17 Husbandry
NC Buss
0:27 Loom
9:59 Feudal Age
19:48 Double-Bit Axe
19:56 Horse Collar
20:11 Gold Mining
22:47 Castle Age
24:58 Bow Saw
28:14 Forging
28:10 Scale Barding Armor
36:21 Imperial Age
34:24 Husbandry
34:35 Bloodlines
35:30 Iron Casting
35:15 Chain Barding Armor
36:05 Heavy Plow
36:26 Heavy Camel Rider
38:19 Masonry
38:23 Grand Trunk Road
38:46 Conscription
38:17 Imperial Camel Rider
40:41 Blast Furnace
40:45 Caravan
43:23 Plate Barding Armor
45:32 Fortified Wall
48:54 Elite Ghulam
49:39 Scale Mail Armor
49:44 Squires
49:30 Arson
50:52 Chain Mail Armor
50:36 Stone Mining
Goldenthums2
3:06 Loom
12:20 Feudal Age
13:16 Double-Bit Axe
14:58 Horse Collar
20:18 Castle Age
19:59 Arson
24:39 Bow Saw
24:38 Heavy Plow
26:35 Gambesons
26:51 Squires
29:13 Wheelbarrow
31:13 Hand Cart
33:48 Pikeman
36:17 Thumb Ring
36:41 Parthian Tactics
37:25 Coinage
37:21 Padded Archer Armor
37:12 Fletching
37:23 Scale Mail Armor
37:34 Forging
37:29 Scale Barding Armor
44:19 Imperial Age
43:46 Kamandaran
48:51 Ballistics
49:32 Chemistry
48:51 Citadels
48:08 Capped Ram
51:27 Siphons
51:26 Bodkin Arrow
51:47 Leather Archer Armor
51:53 Chain Barding Armor
52:09 Iron Casting
51:50 Chain Mail Armor
52:39 Elite War Elephant
54:40 Plate Barding Armor
54:36 Ring Archer Armor
55:21 Heavy Scorpion
58:22 Crossbowman
64:05 Halberdier
65:25 Onager
79:38 Man-at-Arms
INOX
5:16 Loom
5:24 Loom
12:46 Feudal Age
13:52 Double-Bit Axe
14:10 Town Watch
14:47 Horse Collar
16:25 Wheelbarrow
22:43 Castle Age
22:02 Gold Mining
24:38 Bow Saw
24:32 Heavy Plow
26:11 Husbandry
29:16 Scale Mail Armor
29:26 Forging
31:44 Scale Barding Armor
33:24 Hand Cart
33:15 Town Patrol
34:52 Bloodlines
37:43 Ballistics
37:34 Fortified Wall
37:38 Masonry
38:01 Bow Saw
39:03 Chain Mail Armor
42:20 Imperial Age
39:42 Light Cavalry
42:11 Hill Forts
43:31 Conscription
43:53 Hoardings
42:39 Elite Leitis
42:52 Cavalier
44:37 Chemistry
43:28 Guard Tower
43:24 Treadmill Crane
45:13 Two-Man Saw
44:16 Heavy Plow
45:03 Chain Barding Armor
45:18 Iron Casting
45:06 Stone Mining
48:23 Plate Barding Armor
47:25 Paladin
49:03 Architecture
50:10 Murder Holes
50:54 Stone Shaft Mining
51:35 Guilds
55:37 Bombard Tower
55:09 Heated Shot
55:26 Pikeman
56:08 Squires
55:53 Arson
56:15 Padded Archer Armor
56:06 Fletching
55:40 Winged Hussar
65:55 Herbal Medicine
68:01 Leather Archer Armor
67:41 Bodkin Arrow
71:00 Halberdier
P1stoletov228
10:56 Feudal Age
9:11 Loom
11:23 Horse Collar
11:29 Double-Bit Axe
13:58 Gold Mining
15:10 Wheelbarrow
17:32 Padded Archer Armor
21:13 Castle Age
21:57 Town Watch
22:42 Bow Saw
22:44 Caravan
23:23 Town Patrol
27:31 Heavy Plow
28:14 Hand Cart
31:29 Imperial Age
29:45 Stone Mining
32:05 Stone Shaft Mining
32:03 Onager
34:53 Conscription
36:38 Two-Man Saw
35:44 Elite Conquistador
37:49 Leather Archer Armor
38:28 Husbandry
38:39 Bloodlines
39:54 Cavalier
51:27 Squires
51:13 Gambesons
50:48 Man-at-Arms
50:49 Pikeman
52:21 Long Swordsman
55:26 Chemistry
54:47 Ballistics
58:16 Two-Handed Swordsman
64:29 Hoardings
63:33 Sappers
65:27 Two-Handed Swordsman
68:21 Scale Mail Armor
68:32 Forging
68:29 Scale Barding Armor
68:55 Ring Archer Armor
68:16 Fletching
70:02 Chain Mail Armor
Connection lost

Rejoining the realm…

Still unreachable

The connection could not be restored.

Session expired

The server has moved on; the page needs a fresh start.